 Seeded DCSS version 0.30-a0-359-gd0147acb1a (webtiles) character file.

Game seed: 11875864161840823782 (custom seed)

5 purpskrrrp the Grasshopper (level 1, 0/17 HPs)
             Began as a Barachi Warper on Nov 11, 2022.
             Succumbed to a goblin's poison
             ... on level 1 of the Dungeon.
             The game lasted 00:00:36 (207 turns).

purpskrrrp the Grasshopper (Barachi Warper)          Turns: 207, Time: 00:00:37

Health: 0/17       AC:  3    Str: 12    XL:     1   Next: 80%
Magic:  3/3        EV: 11    Int: 13    God:
Gold:   12         SH:  0    Dex: 11    Spells: 4/4 levels left

rFire   . . .      SeeInvis .    a - +0 falchion
rCold   . . .      Faith    .    (no shield)
rNeg    . . .      Spirit   .    b - +0 leather armour
rPois   .          Reflect  .    (no helmet)
rElec   .          Harm     .    (no cloak)
rCorr   .          Rampage  .    (no gloves)
Will    .....                    (no boots)
Stlth   +.........               (no amulet)
HPRegen 0.22/turn                (no ring)
MPRegen 0.08/turn                (no ring)

@: lethally poisoned (0 -> -10), slow
A: amphibious, slowness 1, strong legs 1, +LOS
a: Hop


You were on level 1 of the Dungeon.
You visited 1 branch of the dungeon, and saw 1 of its levels.

You collected 12 gold pieces.

Inventory:

Hand Weapons
 a - a +0 falchion (weapon)
Missiles
 d - 5 boomerangs of dispersal
Armour
 b - a +0 leather armour (worn)
Jewellery
 g - a ring of protection from fire
Scrolls
 c - a scroll of blinking
 e - a scroll of identify {unknown}
 f - a scroll of acquirement {unknown}


   Skills:
 + Level 2.5 Fighting
 * Level 2.7 Long Blades
 - Level 1.0 Throwing
 + Level 1.3 Armour
 + Level 2.2 Dodging
 + Level 2.2 Spellcasting
 + Level 3.3 Translocations


You had 4 spell levels left.
You didn't know any spells.
Your spell library contained the following spells:

 Spells                   Type           Power      Damage    Failure   Level
 Blink                    Tloc           20%        N/A       12%         2
 Lesser Beckoning         Tloc           20%        N/A       24%         3
 Teleport Other           Tloc           10%        N/A       24%         3
 Vhi's Electric Charge    Tloc/Air       10%        N/A       43%         3
 Manifold Assault         Tloc           10%        N/A       63%         4


Dungeon Overview and Level Annotations

Branches:
Dungeon (1/15)

Altars:


Innate Abilities, Weirdness & Mutations

You are amphibious.
You cover ground slowly.
You can hop short distances.
You have an extended range of vision and can be seen from far away.


Message History

The goblin shouts!
A goblin is nearby!
A goblin is nearby!
The goblin closely misses you. The goblin misses you.
You closely miss the goblin. The goblin barely misses you.
You hit the goblin.
The goblin is severely wounded.
The goblin hits you with a +1 dagger of venom.
You closely miss the goblin.
The goblin is severely wounded.
The goblin hits you with a +1 dagger of venom.
You closely miss the goblin.
The goblin is severely wounded.
The goblin barely misses you.
You barely miss the goblin.
The goblin is severely wounded.
The goblin hits you with a +1 dagger of venom.
You are poisoned.
You closely miss the goblin.
The goblin is severely wounded.
You feel sick. The goblin completely misses you. The goblin misses you.
You miss the goblin.
The goblin is severely wounded.
You feel sick. The goblin barely misses you.
You barely miss the goblin.
The goblin is severely wounded.
You feel sick. The goblin closely misses you.
You closely miss the goblin.
The goblin is severely wounded.
You feel sick. The goblin hits you but does no damage.
You closely miss the goblin.
The goblin is severely wounded.
You feel sick.
You are no longer poisoned.
The goblin hits you with a +1 dagger of venom.
* * * LOW HITPOINT WARNING * * *
You are lethally poisoned!
You hit the goblin.
You kill the goblin!
You die...

.#####.#.#...#...#.###.#
.......)...........###'####
..####+#.###..PP...##.....#
.............##...###.....#
........########P####.....#
........'.....######......#
........#######...........#
..###########..........####
... ........@#####)# ...#
###.....).# #.# ....
#.......# #.# #...$...# #.#
#......## #.# ...#+#### #.#
.### #.# #.#


There were no monsters in sight!

Vanquished Creatures
  A ball python (D:1)
  A hobgoblin (D:1)
  A kobold (D:1)
  A frilled lizard (D:1)
  2 goblins (D:1)
6 creatures vanquished.

Notes
Turn   | Place    | Note
-------+----------+-------------------------------------------
     0 | D:1      | purpskrrrp the Barachi Warper began the quest for the Orb.
     0 | D:1      | Reached XP level 1. HP: 17/17 MP: 3/3
   207 | D:1      | Succumbed to a goblin's poison

Illustrated notes

Levels and vault maps discovered:
D:1:      amcnicky_arrival_abandoned_market, layout_basic,
          minmay_shallow_snake_nest

Action                   || total
-------------------------++-------
Melee: Falchion          ||    31
Throw: Boomerang         ||     2
 Stab: Sleeping          ||     1
Armor: Leather armour    ||     6
Dodge: Dodged            ||    15

Table legend: (Time is in decaauts)
 A = Elapsed time spent in this place.
 B = Non-inter-level travel time spent in this place.
 C = Inter-level travel time spent in this place.
 D = Time resting spent in this place.
 E = Time spent auto-exploring this place.
 F = Levels seen in this place.
 G = Mean time per level.
                   A        B        C        D        E       F      G
               +--------+--------+--------+--------+--------+-----+--------+
         Total |    239 |    239 |      0 |      0 |    176 |   1 |  239.0 |
       Dungeon |    239 |    239 |      0 |      0 |    176 |   1 |  239.0 |
               +--------+--------+--------+--------+--------+-----+--------+

Top non-repeatable levels by time:
     D:1: 239 daAuts
